 Dungeon Crawl Stone Soup version 0.28.0-43-g3370ac3207 (webtiles) character file.

Game seed: 2557726752798131056

391 safid the Cleaver (level 6, -1/78 HPs)
             Began as a Hill Orc Fighter on Mar 14, 2022.
             Was a Follower of Beogh.
             Slain by Pikel
             ... wielding a +2 whip of flaming
              (4 damage)
             ... on level 4 of the Dungeon.
             The game lasted 00:05:06 (2986 turns).

safid the Cleaver (Hill Orc Fighter)                Turns: 2986, Time: 00:05:07

Health: -1/78      AC: 23    Str: 27    XL:     6   Next: 80%
Magic:  6/6        EV:  2    Int:  8    God:    Beogh [*.....]
Gold:   149        SH:  4    Dex: 10    Spells: 5/5 levels left

rFire   . . .      SeeInvis .   a - +0 war axe
rCold   . . .      Faith    .   c - +0 buckler
rNeg    . . .      Spirit   .   (armour currently unavailable)
rPois   +          Reflect  .   (helmet currently unavailable)
rElec   .          Harm     .   (cloak currently unavailable)
rCorr   .          Rampage  .   (gloves currently unavailable)
Will    .....      NoTele   +   (boots currently unavailable)
Stlth   +.........              (no amulet)
HPRegen 0.23/turn               k - ring of flight
MPRegen 0.10/turn               o - +6 ring of strength

@: tree-form
A: stationary, stasis, torment immunity, boosted hp
a: Renounce Religion


You were on level 4 of the Dungeon.
You worshipped Beogh.
Beogh was aware of your devotion.
You were a tree.
You visited 1 branch of the dungeon, and saw 4 of its levels.

You collected 149 gold pieces.

Inventory:

Hand Weapons
 a - a +0 war axe (weapon)
Armour
 b - a +0 scale mail (melded)
 c - a +0 buckler (worn)
 l - a +0 cloak (melded)
Jewellery
 k - a ring of flight (left branch)
 o - a +6 ring of strength (right branch)
Scrolls
 f - a scroll of noise {unknown}
 g - 2 scrolls of identify {unknown}
 i - a scroll of fear {unknown}
 q - 2 scrolls of immolation {unknown}
Potions
 d - a potion of might
 e - 2 potions of magic {unknown}
 h - a potion of brilliance {unknown}
 j - a potion of attraction {unknown}
 m - a potion of ambrosia {unknown}
 n - a potion of lignification
 p - a potion of curing {unknown}
 r - a potion of degeneration {unknown}


   Skills:
 - Level 4.0 Fighting
 + Level 8.2 Axes
 - Level 4.0 Armour
 - Level 4.0 Shields


You had 5 spell levels left.
You didn't know any spells.
Your spell library was empty.

Dungeon Overview and Level Annotations

Branches:
Dungeon (4/15)
 Temple: D:4-7

Altars:

Annotations:
D:3 2 transporters, jr88keys's ghost, amateur DrEE
D:4 Pikel


Message History

You closely miss Pikel.
Pikel is moderately wounded.
You hit the lemure but do no damage.
Pikel hits you with a +2 whip of flaming!
* * * LOW HITPOINT WARNING * * *
Pikel burns you.
* * * LOW HITPOINT WARNING * * *
The lemure hits you but does no damage.
It was a potion of lignification.
You turn into a tree.
Your +0 cloak melds into your body.
Your +0 scale mail melds into your body.
Your roots penetrate the ground.
You block Pikel's attack. The lemure hits you but does no damage.
Unknown command.
Press: ? - help, v - describe, . - travel
Here: Pikel, wielding a +2 whip of flaming and wearing a +0 robe (moderately wounded)
An open door.
Unknown command.
You slash Pikel!
Pikel is heavily wounded.
You hit the lemure. Pikel hits you but does no damage. The lemure hits you.
* * * LOW HITPOINT WARNING * * *
Pikel says, "Asmodeus and me are pals.
He gave me this whip."
Pikel hits you but does no damage.
Unknown command.
You barely miss Pikel.
Pikel is heavily wounded.
You hit the lemure.
You kill the lemure!
That felt strangely unrewarding.
Pikel hits you but does no damage.
Unknown command.
You miss Pikel.
Pikel is heavily wounded.
Pikel hits you but does no damage.
Unknown command.
You hit Pikel.
Pikel is severely wounded.
Pikel says, "You'll make a fine lemure."
Pikel hits you with a +2 whip of flaming.
You die...

#................#.......#...
#................#.......#...
#.....>.^........#.......#...
#................#.......'...
#................#.......#...
##...#######....##....##.##.#
########.####'###....##.##.#
#....5K.................
#....5#♣................
#....5#.................
##...##....##...###..###
##..5########...# #+####
#...5.# ...... .. #..K..#
....... .. #.....# ........
.. ###.5## ####### ## #.K#


You could see Pikel and a lemure.

Vanquished Creatures
  An ice beast (D:4)
  2 lemures (D:4)
  2 jellies (D:3)
  3 orc priests (D:3)
  A hound (D:3)
  2 adders
  2 worms
  3 dart slugs
  11 orcs (D:3)
  8 ball pythons
  14 endoplasms
  4 goblins
  5 hobgoblins
  4 kobolds
  5 quokkas
  6 bats
  2 frilled lizards
  6 rats
81 creatures vanquished.

Vanquished Creatures (others)
  3 orcs (D:3)
  6 kobolds (D:3)
  7 fungi (D:3)
  10 toadstools (D:3)
26 creatures vanquished.

Grand Total: 107 creatures vanquished

Notes
Turn   | Place    | Note
-------+----------+-------------------------------------------
     0 | D:1      | safid the Hill Orc Fighter began the quest for the Orb.
     0 | D:1      | Reached XP level 1. HP: 19/19 MP: 1/1
   418 | D:1      | Reached skill level 3 in Axes
   418 | D:1      | Reached XP level 2. HP: 24/27 MP: 2/2
   850 | D:1      | Reached XP level 3. HP: 33/33 MP: 3/3
  1518 | D:2      | Reached XP level 4. HP: 40/40 MP: 4/4
  1794 | D:3      | Became a worshipper of Beogh the Brigand
  1856 | D:3      | Reached skill level 4 in Axes
  1958 | D:3      | Found a transporter.
  1973 | D:3      | Found a transporter.
  1973 | D:3      | Noticed an ogre
  1996 | D:3      | Noticed jr88keys's ghost (amateur DrEE)
  2001 | D:3      | Identified the +3 great mace "Homuhowukae" {freeze, rC++
                  | Int-5 Dex+6}
  2001 | D:3      | Noticed an ogre
  2029 | D:3      | Reached skill level 5 in Axes
  2033 | D:3      | Reached XP level 5. HP: 21/46 MP: 5/5
  2241 | D:3      | Reached skill level 6 in Axes
  2527 | D:3      | Reached XP level 6. HP: 52/52 MP: 6/6
  2592 | D:3      | Reached * piety under Beogh
  2596 | D:3      | Reached skill level 7 in Axes
  2847 | D:4      | Noticed an ice beast
  2856 | D:4      | Killed an ice beast
  2857 | D:4      | Reached skill level 8 in Axes
  2956 | D:4      | Noticed Pikel
  2981 | D:4      | HP: 1/52 [Pikel/+2 whip of flaming (6)]
  2986 | D:4      | Slain by Pikel

Illustrated notes

Levels and vault maps discovered:
D:1:      saegor_arrival_simple_e, layout_basic
D:2:      layout_basic, minmay_surrounded
D:3:      cheibrodos_fertilizer, layout_rooms, gammafunk_ghost_smash,
          kennysheep_generic_room_10
D:4:      layout_gridville, uniq_pikel

Skill      XL: |  1  2  3  4  5  6 |
---------------+-------------------+-----
Axes           | 3 5 6 8 |  8.2
Fighting       | 4 |  4.0
Armour         | 4 |  4.0
Shields        | 4 |  4.0

Action                   |  1- 3 |  4- 6 || total
-------------------------+-------+-------++-------
Melee: War axe           |    99 |   127 ||   226
Invok: Convert to Beogh  |       |     1 ||     1
  Use: Potion            |       |     1 ||     1
Armor: Scale mail        |    41 |    53 ||    94
       Skin              |       |     5 ||     5
Dodge: Dodged            |    44 |    57 ||   101
Block: Buckler           |    22 |    29 ||    51
